Detroit Red Wings vs New York Rangers
Created - Sunday, November 3, 2024 at 07:57
Goals
|
| Detroit Red Wings |
0 |
1 |
0 |
1 |
| New York Rangers |
1 |
1 |
0 |
2 |
|
Shots
|
| Detroit Red Wings |
10 |
9 |
12 |
31 |
| New York Rangers |
16 |
11 |
6 |
33 |
|
1st period
1. New York Rangers , Nikolaj Ehlers 17 (Joe Pavelski 14, Brendan Smith 5) at 14:49
Penalties :
Brendan Gallagher (DET) for Cross-checking (Minor) at 4:31, Zach Bogosian (DET) for High sticking (Minor) at 9:15
2nd period
2. Detroit Red Wings , Steven Stamkos 29 (Jared McCann 25, Patrick Kane 35) at 1:18
3. New York Rangers , Nathan MacKinnon 28 (Mathew Barzal 21, Jake McCabe 18) at 4:48
Penalties :
Brendan Smith (NYR) for Roughing (Minor) at 10:45, Joe Pavelski (NYR) for High sticking (Double Minor) at 15:09
3rd period
No Goal
Penalties :
Jared McCann (DET) for Tripping (Minor) at 4:25
Goalie Stats
Calvin Pickard (DET), 31 saves from 33 shots - (0.939), L, 17-8-5, 59:06 minutes
Igor Shesterkin (NYR), 30 saves from 31 shots - (0.968), W, 23-13-8, 60:00 minutes
Players Stats for Detroit Red Wings
Player Name G A P +/- PIM S H SB GA TA FO MP PP MP PK MP
------------------------------------------------------------------------------------
Brendan Gallagher 0 0 0 -1 2 4 0 0 0 0 0/0 11:15 0:45 0:00
Carter Verhaeghe 0 0 0 0 0 1 0 0 1 0 0/0 15:38 2:27 0:00
Christian Fischer 0 0 0 0 0 3 2 0 0 0 0/1 12:15 0:00 0:00
Daniel Sprong 0 0 0 0 0 1 1 0 0 0 1/1 13:58 1:04 0:55
Jackson LaCombe 0 0 0 1 0 0 0 0 1 0 0/0 18:58 3:23 3:13
Jared McCann 0 1 1 0 2 3 1 2 0 1 0/0 18:19 2:27 1:44
Keegan Kolesar 0 0 0 -1 0 1 3 1 1 0 0/0 11:13 0:00 2:36
Kevin Shattenkirk 0 0 0 1 0 0 1 0 0 0 0/0 21:52 2:35 2:44
Kevin Stenlund 0 0 0 -1 0 0 0 0 0 1 1/7 12:14 0:45 2:52
MacKenzie Weegar 0 0 0 0 0 1 4 2 1 1 0/0 25:47 3:23 3:13
Matthew Boldy 0 0 0 0 0 4 2 0 0 0 0/0 15:54 2:43 0:00
Mika Zibanejad 0 0 0 0 0 2 3 0 0 1 11/21 18:47 2:43 2:43
Patrick Kane 0 1 1 0 0 5 0 0 0 0 0/1 17:49 2:30 0:00
Raphael Lavoie 0 0 0 0 0 0 2 1 0 0 1/1 11:32 0:00 0:13
Shayne Gostisbehere 0 0 0 -2 0 1 1 2 0 0 0/0 25:05 2:35 2:44
Steven Stamkos 1 0 1 0 0 5 2 0 1 0 13/20 17:23 2:30 0:51
Zach Bogosian 0 0 0 -2 2 0 3 2 0 1 0/0 17:19 0:00 0:00
Zachary Werenski 0 0 0 0 0 0 0 2 0 0 0/0 8:42 0:00 0:00
Players Stats for New York Rangers
Player Name G A P +/- PIM S H SB GA TA FO MP PP MP PK MP
------------------------------------------------------------------------------------
Adam Larsson 0 0 0 0 0 1 1 0 0 1 0/0 21:10 0:00 3:23
Artemi Panarin 0 0 0 0 0 2 3 0 0 0 0/0 17:28 3:12 0:00
Brendan Smith 0 1 1 0 2 0 1 2 0 0 0/0 19:08 0:00 1:40
Cam Fowler 0 0 0 1 0 3 1 1 1 1 0/0 24:32 4:03 2:57
Cole Caufield 0 0 0 0 0 0 3 0 0 0 0/0 17:12 3:12 0:00
Conor Garland 0 0 0 1 0 3 1 0 0 0 0/0 11:27 0:00 0:00
David Kampf 0 0 0 0 0 0 0 1 0 0 4/5 10:47 0:00 2:18
Dmitry Kulikov 0 0 0 0 0 1 1 0 0 0 0/0 13:50 0:00 1:18
Jake McCabe 0 1 1 1 0 0 2 1 0 1 0/0 20:16 1:54 0:40
Joe Pavelski 0 1 1 1 4 3 0 0 0 0 5/6 14:11 2:45 0:00
Marcus Foligno 0 0 0 0 0 1 0 3 0 0 0/0 11:09 0:00 2:40
Mathew Barzal 0 1 1 0 0 2 2 1 2 0 1/3 18:57 4:03 0:57
Matthew Benning 0 0 0 0 0 0 2 1 0 0 0/0 14:53 0:00 2:21
Mikael Granlund 0 0 0 0 0 7 2 0 0 1 5/18 20:32 1:54 2:43
Nathan MacKinnon 1 0 1 0 0 3 1 0 0 0 10/19 17:12 3:12 0:00
Nikolaj Ehlers 1 0 1 1 0 2 1 0 2 1 0/1 14:12 2:45 0:00
Pierre-Luc Dubois 0 0 0 0 0 1 0 2 0 0 0/0 7:51 0:00 0:36
Teuvo Teravainen 0 0 0 0 0 4 1 0 0 0 0/0 19:13 2:45 2:19
3 Stars
1 - Igor Shesterkin (NYR)
2 - Nikolaj Ehlers (NYR)
3 - Nathan MacKinnon (NYR)
Power Play
Detroit Red Wings - 0 on 3 Attempt(s) - 0.00%
New York Rangers - 0 on 3 Attempt(s) - 0.00%
Penalty Kill
Detroit Red Wings - 3 on 3 Attempt(s) - 100.00%
- Score 0 goal in Penalty Kill
New York Rangers - 3 on 3 Attempt(s) - 100.00%
- Score 0 goal in Penalty Kill
Team Stat
Detroit Red Wings - Hits : 25 - Faceoff Wins : 27 - Blocked Shots : 12 - Penalty Minutes : 6
New York Rangers - Hits : 22 - Faceoff Wins : 25 - Blocked Shots : 12 - Penalty Minutes : 6
Official
Referees : Carter Sandlak and Eric Furlatt
Linesman : Julien Fournier and Ryan Daisy
Game Notes
Zachary Werenski is injured at 5:45 of 2nd period (Sprained Left Ankle)
Finance
Level 1 -- Attendance: 4153 (69.22%) -- Ticket Income $423,606
Level 2 -- Attendance: 3622 (72.44%) -- Ticket Income $228,186
Level 3 -- Attendance: 2103 (70.10%) -- Ticket Income $86,223
Level 4 -- Attendance: 3350 (67.00%) -- Ticket Income $93,800
Luxury Box -- Attendance: 733 (73.30%) -- Ticket Income $142,935
Game was played at the Madison Square Garden.
Total Attendance: 13961 (69.81%)
Total Ticket Income: $974,750
Other Income: $341,162
Total Income: $1,315,912
Detroit Red Wings
5 vs 5 Forward
Center Left Wing Right Wing Time % Phy DF OF
1 Steven Stamkos Jared McCann Patrick Kane 35 1 2 2
2 Mika Zibanejad Carter Verhaeghe Matthew Boldy 35 1 2 2
3 Raphael Lavoie Daniel Sprong Christian Fischer 20 1 2 2
4 Kevin Stenlund Brendan Gallagher Keegan Kolesar 10 2 2 1
5 vs 5 Defense
Defense Defense Time % Phy DF OF
1 Zachary Werenski MacKenzie Weegar 40 1 2 2
2 Zach Bogosian Shayne Gostisbehere 30 1 2 2
3 Jackson LaCombe Kevin Shattenkirk 20 3 1 1
4 Shayne Gostisbehere MacKenzie Weegar 10 1 2 2
PowerPlay Forward
Center Left Wing Right Wing Time % Phy DF OF
1 Steven Stamkos Jared McCann Patrick Kane 50 1 2 2
2 Mika Zibanejad Carter Verhaeghe Matthew Boldy 50 1 2 2
PowerPlay Defense
Defense Defense Time % Phy DF OF
1 Jackson LaCombe MacKenzie Weegar 50 2 2 1
2 Shayne Gostisbehere Kevin Shattenkirk 50 2 2 1
Penalty Kill 4 Players Forward
Center Wing Time % Phy DF OF
1 Mika Zibanejad Jared McCann 50 2 2 1
2 Kevin Stenlund Keegan Kolesar 50 2 2 1
Penalty Kill 4 Players Defense
Defense Defense Time % Phy DF OF
1 Jackson LaCombe MacKenzie Weegar 50 2 2 1
2 Shayne Gostisbehere Kevin Shattenkirk 50 2 2 1
Penalty Kill - 3 Players Forward
Forward Time % Phy DF OF
1 Mika Zibanejad 50 1 2 2
2 Steven Stamkos 50 1 2 2
Penalty Kill - 3 Players Defense
Defense Defense Time % Phy DF OF
1 Jackson LaCombe MacKenzie Weegar 50 1 2 2
2 Shayne Gostisbehere Kevin Shattenkirk 50 2 2 1
4 vs 4 Forward
Center Wing Time % Phy DF OF
1 Mika Zibanejad Carter Verhaeghe 60 1 2 2
2 Steven Stamkos Matthew Boldy 40 1 1 3
4 vs 4 Defense
Defense Defense Time % Phy DF OF
1 Kevin Shattenkirk MacKenzie Weegar 60 1 2 2
2 Jackson LaCombe Shayne Gostisbehere 40 1 2 2
Last Minutes Offensive
Center Left Wing Right Wing Defense Defense
Mika Zibanejad Carter Verhaeghe Matthew Boldy Zachary Werenski MacKenzie Weegar
Last Minutes Defensive
Center Left Wing Right Wing Defense Defense
Mika Zibanejad Carter Verhaeghe Matthew Boldy Zachary Werenski MacKenzie Weegar
Goaltenders
Starting : Calvin Pickard
Backup : Vitek Vanecek
Extra Forwards
Normal : Raphael Lavoie, Christian Fischer, Daniel Sprong - PP : Kevin Stenlund, Daniel Sprong - PK : Steven Stamkos
Extra Defensemen
Normal : Kevin Shattenkirk, Shayne Gostisbehere, MacKenzie Weegar - PP : Kevin Shattenkirk - PK : Kevin Shattenkirk, Shayne Gostisbehere
Penalty Shots
Mika Zibanejad, Steven Stamkos, Matthew Boldy, Carter Verhaeghe, Jared McCann
Scratches
Alexander Barabanov (Healthy), Philippe Myers (Healthy), Laurent Brossoit (Back Injury)
New York Rangers
5 vs 5 Forward
Center Left Wing Right Wing Time % Phy DF OF
1 Nathan MacKinnon Cole Caufield Mathew Barzal 34 0 2 3
2 Mikael Granlund Artemi Panarin Teuvo Teravainen 34 0 2 3
3 Joe Pavelski Nikolaj Ehlers Conor Garland 20 1 2 2
4 David Kampf Pierre-Luc Dubois Marcus Foligno 12 1 3 1
5 vs 5 Defense
Defense Defense Time % Phy DF OF
1 Cam Fowler Jake McCabe 40 1 2 2
2 Adam Larsson Brendan Smith 35 1 3 1
3 Dmitry Kulikov Matthew Benning 25 1 3 1
4 Cam Fowler Jake McCabe 0 1 2 2
PowerPlay Forward
Center Left Wing Right Wing Time % Phy DF OF
1 Nathan MacKinnon Artemi Panarin Cole Caufield 60 0 1 4
2 Joe Pavelski Teuvo Teravainen Nikolaj Ehlers 40 0 1 4
PowerPlay Defense
Defense Defense Time % Phy DF OF
1 Mathew Barzal Cam Fowler 60 0 1 4
2 Jake McCabe Mikael Granlund 40 0 2 3
Penalty Kill 4 Players Forward
Center Wing Time % Phy DF OF
1 Mikael Granlund Marcus Foligno 50 1 3 1
2 David Kampf Teuvo Teravainen 50 1 3 1
Penalty Kill 4 Players Defense
Defense Defense Time % Phy DF OF
1 Matthew Benning Brendan Smith 50 1 3 1
2 Adam Larsson Cam Fowler 50 1 3 1
Penalty Kill - 3 Players Forward
Forward Time % Phy DF OF
1 Mikael Granlund 50 1 4 0
2 David Kampf 50 1 4 0
Penalty Kill - 3 Players Defense
Defense Defense Time % Phy DF OF
1 Brendan Smith Matthew Benning 50 1 4 0
2 Adam Larsson Cam Fowler 50 1 4 0
4 vs 4 Forward
Center Wing Time % Phy DF OF
1 Nathan MacKinnon Artemi Panarin 50 0 2 3
2 Mikael Granlund Cole Caufield 50 1 2 2
4 vs 4 Defense
Defense Defense Time % Phy DF OF
1 Cam Fowler Jake McCabe 50 1 2 2
2 Adam Larsson Brendan Smith 50 1 2 2
Last Minutes Offensive
Center Left Wing Right Wing Defense Defense
Nathan MacKinnon Artemi Panarin Pierre-Luc Dubois Cam Fowler Jake McCabe
Last Minutes Defensive
Center Left Wing Right Wing Defense Defense
David Kampf Marcus Foligno Mikael Granlund Matthew Benning Brendan Smith
Goaltenders
Starting : Igor Shesterkin
Backup : Tristan Jarry
Extra Forwards
Normal : Nathan MacKinnon, Artemi Panarin, Mikael Granlund - PP : Teuvo Teravainen, Pierre-Luc Dubois - PK : Teuvo Teravainen
Extra Defensemen
Normal : Cam Fowler, Brendan Smith, Matthew Benning - PP : Dmitry Kulikov - PK : Adam Larsson, Cam Fowler
Penalty Shots
Artemi Panarin, Mikael Granlund, Pierre-Luc Dubois, David Kampf, Nathan MacKinnon
Scratches
None
% Time on Ice - Detroit Red Wings
Lines # - Real PCT - Wanted PCT - Time Play
Normal Forward
1 - 30% - 35% - 13:57
2 - 29% - 35% - 13:41
3 - 23% - 20% - 10:36
4 - 18% - 10% - 8:36
Normal Defense
1 - 45% - 40% - 21:17
2 - 32% - 30% - 14:49
3 - 19% - 20% - 8:50
4 - 4% - 10% - 1:54
PP Forward
1 - 54% - 50% - 3:15
2 - 46% - 50% - 2:43
PP Defense
1 - 57% - 50% - 3:23
2 - 43% - 50% - 2:35
PK Forward
1 - 56% - 50% - 3:19
2 - 44% - 50% - 2:38
PK Defense
1 - 54% - 50% - 3:13
2 - 46% - 50% - 2:44
PK3 Forward
1 - 0% - 50%
2 - 0% - 50%
PK3 Defense
1 - 0% - 50%
2 - 0% - 50%
44 Forward
1 - 0% - 60%
2 - 0% - 40%
44 Defense
1 - 0% - 60%
2 - 0% - 40%
Last Minute Offensive - 1:15
Last Minute Defensive - 0:00
Total
Forward - 60:00
Defense - 60:00
|
% Time on Ice - New York Rangers
Lines # - Real PCT - Wanted PCT - Time Play
Normal Forward
1 - 30% - 34% - 14:00
2 - 30% - 34% - 14:09
3 - 24% - 20% - 11:27
4 - 15% - 12% - 7:15
Normal Defense
1 - 37% - 40% - 17:14
2 - 37% - 35% - 17:14
3 - 26% - 25% - 12:23
4 - 0% - 0% - 0:00
PP Forward
1 - 54% - 60% - 3:12
2 - 46% - 40% - 2:45
PP Defense
1 - 68% - 60% - 4:03
2 - 32% - 40% - 1:54
PK Forward
1 - 55% - 50% - 3:18
2 - 45% - 50% - 2:40
PK Defense
1 - 39% - 50% - 2:21
2 - 61% - 50% - 3:37
PK3 Forward
1 - 0% - 50%
2 - 0% - 50%
PK3 Defense
1 - 0% - 50%
2 - 0% - 50%
44 Forward
1 - 0% - 50%
2 - 0% - 50%
44 Defense
1 - 0% - 50%
2 - 0% - 50%
Last Minute Offensive - 0:00
Last Minute Defensive - 1:14
Total
Forward - 60:00
Defense - 60:00
|
Play-by-Play
1st period
0:01 of 1st period - Steven Stamkos wins face-off versus Nathan MacKinnon in neutral zone.
0:12 of 1st period - Snap shot by Jared McCann.
0:12 of 1st period - Stopped by Igor Shesterkin without a rebound.
0:13 of 1st period - Mika Zibanejad wins face-off versus Mikael Granlund in New York Rangers zone.
0:14 of 1st period - Snap shot by Matthew Boldy.
0:14 of 1st period - Shot Misses the Net.
0:20 of 1st period - Snap shot by Artemi Panarin.
0:20 of 1st period - Shot Misses the Net.
0:22 of 1st period - Snap shot by Mikael Granlund.
0:22 of 1st period - Stopped by Calvin Pickard with a rebound.
2:27 of 1st period - Off-side.
2:28 of 1st period - Nathan MacKinnon wins face-off versus Mika Zibanejad in neutral zone.
2:41 of 1st period - Wrist shot by Cole Caufield.
2:41 of 1st period - Shot Misses the Net.
3:00 of 1st period - Icing by Jake McCabe.
3:01 of 1st period - Steven Stamkos wins face-off versus Mikael Granlund in New York Rangers zone.
3:22 of 1st period - Snap shot by Teuvo Teravainen.
3:22 of 1st period - Stopped by Calvin Pickard with a rebound.
3:42 of 1st period - Wrist shot by Patrick Kane.
3:42 of 1st period - Stopped by Igor Shesterkin with a rebound.
3:44 of 1st period - Snap shot by Jared McCann.
3:44 of 1st period - Stopped by Igor Shesterkin without a rebound.
3:45 of 1st period - Nathan MacKinnon wins face-off versus Mika Zibanejad in New York Rangers zone.
4:31 of 1st period - Minor Penalty to Brendan Gallagher for Cross-checking.
4:32 of 1st period - Mika Zibanejad wins face-off versus Nathan MacKinnon in Detroit Red Wings zone.
4:59 of 1st period - Keegan Kolesar is hit by Mathew Barzal.
5:31 of 1st period - Jackson LaCombe is hit by Artemi Panarin.
6:31 of 1st period - Penalty to Brendan Gallagher is over, Brendan Gallagher is back on ice.
7:00 of 1st period - Joe Pavelski is hit by Jared McCann and loses puck.
7:41 of 1st period - Icing by MacKenzie Weegar.
7:42 of 1st period - David Kampf wins face-off versus Mika Zibanejad in Detroit Red Wings zone.
8:54 of 1st period - Snap shot by Matthew Boldy.
8:54 of 1st period - Shot Blocked by Pierre-Luc Dubois.
9:00 of 1st period - Snap shot by Matthew Boldy.
9:00 of 1st period - Stopped by Igor Shesterkin with a rebound.
9:15 of 1st period - Minor Penalty to Zach Bogosian for High sticking.
9:16 of 1st period - Nathan MacKinnon wins face-off versus Kevin Stenlund in Detroit Red Wings zone.
9:33 of 1st period - Wrist shot by Artemi Panarin.
9:33 of 1st period - Stopped by Calvin Pickard without a rebound.
9:34 of 1st period - Joe Pavelski wins face-off versus Kevin Stenlund in Detroit Red Wings zone.
9:39 of 1st period - Snap shot by Joe Pavelski.
9:39 of 1st period - Stopped by Calvin Pickard with a rebound.
9:41 of 1st period - Slapshot by Mathew Barzal.
9:41 of 1st period - Stopped by Calvin Pickard with a rebound.
9:43 of 1st period - Wrist shot by Mathew Barzal.
9:43 of 1st period - Shot Misses the Net.
9:45 of 1st period - Snap shot by Teuvo Teravainen.
9:45 of 1st period - Stopped by Calvin Pickard without a rebound.
9:46 of 1st period - Mika Zibanejad wins face-off versus Nathan MacKinnon in Detroit Red Wings zone.
10:52 of 1st period - MacKenzie Weegar is hit by Nikolaj Ehlers and loses puck.
11:15 of 1st period - Penalty to Zach Bogosian is over, Zach Bogosian is back on ice.
11:26 of 1st period - Slapshot by Zachary Werenski.
11:26 of 1st period - Shot Misses the Net.
11:28 of 1st period - Snap shot by Christian Fischer.
11:28 of 1st period - Stopped by Igor Shesterkin without a rebound.
11:29 of 1st period - Daniel Sprong wins face-off versus David Kampf in New York Rangers zone.
11:38 of 1st period - Slapshot by Pierre-Luc Dubois.
11:38 of 1st period - Stopped by Calvin Pickard with a rebound.
11:40 of 1st period - Slapshot by Dmitry Kulikov.
11:40 of 1st period - Shot Blocked by Zach Bogosian.
11:42 of 1st period - Wrist shot by Marcus Foligno.
11:42 of 1st period - Stopped by Calvin Pickard with a rebound.
12:06 of 1st period - Wrist shot by Patrick Kane.
12:06 of 1st period - Shot Blocked by Mathew Barzal.
12:08 of 1st period - Slapshot by Zachary Werenski.
12:08 of 1st period - Shot Misses the Net.
12:54 of 1st period - Jake McCabe is hit by MacKenzie Weegar and loses puck.
13:07 of 1st period - Backhand shot by Nathan MacKinnon.
13:07 of 1st period - Stopped by Calvin Pickard with a rebound.
13:15 of 1st period - Cam Fowler is hit by Steven Stamkos and loses puck.
14:01 of 1st period - Off-side.
14:02 of 1st period - Joe Pavelski wins face-off versus Kevin Stenlund in neutral zone.
14:05 of 1st period - Snap shot by Conor Garland.
14:05 of 1st period - Stopped by Calvin Pickard without a rebound.
14:06 of 1st period - Kevin Stenlund wins face-off versus Nikolaj Ehlers in Detroit Red Wings zone.
14:29 of 1st period - Slapshot by Shayne Gostisbehere.
14:29 of 1st period - Shot Blocked by Brendan Smith.
14:39 of 1st period - Wrist shot by Conor Garland.
14:39 of 1st period - Shot Blocked by Shayne Gostisbehere.
14:41 of 1st period - Slapshot by Joe Pavelski.
14:41 of 1st period - Stopped by Calvin Pickard with a rebound.
14:49 of 1st period - Snap shot by Nikolaj Ehlers.
14:49 of 1st period - Goal by Nikolaj Ehlers - Detroit Red Wings : 0 - New York Rangers : 1.
14:50 of 1st period - Nathan MacKinnon wins face-off versus Steven Stamkos in neutral zone.
14:53 of 1st period - Snap shot by Patrick Kane.
14:53 of 1st period - Deflect By Jared McCann.
14:53 of 1st period - Shot Misses the Net.
14:53 of 1st period - Puck is out of play.
14:54 of 1st period - Nathan MacKinnon wins face-off versus Steven Stamkos in New York Rangers zone.
15:10 of 1st period - Backhand shot by Mathew Barzal.
15:10 of 1st period - Deflect By Nathan MacKinnon.
15:10 of 1st period - Shot Hit the Post.
15:10 of 1st period - Puck is out of play.
15:11 of 1st period - Mika Zibanejad wins face-off versus Mikael Granlund in Detroit Red Wings zone.
15:18 of 1st period - Snap shot by Artemi Panarin.
15:18 of 1st period - Shot Blocked by Zachary Werenski.
15:20 of 1st period - Slapshot by Teuvo Teravainen.
15:20 of 1st period - Shot Blocked by MacKenzie Weegar.
15:22 of 1st period - Slapshot by Cam Fowler.
15:22 of 1st period - Deflect By Mika Zibanejad.
15:22 of 1st period - Stopped by Calvin Pickard with a rebound.
15:24 of 1st period - Snap shot by Mikael Granlund.
15:24 of 1st period - Stopped by Calvin Pickard with a rebound.
15:26 of 1st period - Slapshot by Jake McCabe.
15:26 of 1st period - Shot Misses the Net.
15:28 of 1st period - Slapshot by Cam Fowler.
15:28 of 1st period - Stopped by Calvin Pickard without a rebound.
15:29 of 1st period - Nathan MacKinnon wins face-off versus Steven Stamkos in Detroit Red Wings zone.
15:40 of 1st period - Snap shot by Cole Caufield.
15:40 of 1st period - Shot Misses the Net.
15:54 of 1st period - Zach Bogosian is hit by Artemi Panarin and loses puck.
16:01 of 1st period - Wrist shot by Shayne Gostisbehere.
16:01 of 1st period - Shot Misses the Net.
16:03 of 1st period - Snap shot by Matthew Boldy.
16:03 of 1st period - Stopped by Igor Shesterkin with a rebound.
16:05 of 1st period - Backhand shot by Mika Zibanejad.
16:05 of 1st period - Stopped by Igor Shesterkin with a rebound.
16:17 of 1st period - Wrist shot by Brendan Gallagher.
16:17 of 1st period - Stopped by Igor Shesterkin with a rebound.
16:19 of 1st period - Wrist shot by Brendan Gallagher.
16:19 of 1st period - Stopped by Igor Shesterkin without a rebound.
16:20 of 1st period - Joe Pavelski wins face-off versus Kevin Stenlund in New York Rangers zone.
16:42 of 1st period - Icing by Nikolaj Ehlers.
16:43 of 1st period - Steven Stamkos wins face-off versus Joe Pavelski in New York Rangers zone.
17:29 of 1st period - Icing by Steven Stamkos.
17:30 of 1st period - Steven Stamkos wins face-off versus Mikael Granlund in Detroit Red Wings zone.
17:30 of 1st period - Steven Stamkos is hit by Artemi Panarin.
17:35 of 1st period - MacKenzie Weegar is hit by Jake McCabe and loses puck.
18:26 of 1st period - Snap shot by Brendan Gallagher.
18:26 of 1st period - Stopped by Igor Shesterkin without a rebound.
18:27 of 1st period - Mikael Granlund wins face-off versus Kevin Stenlund in New York Rangers zone.
19:23 of 1st period - Matthew Benning is hit by Mika Zibanejad and loses puck.
19:43 of 1st period - Off-side.
19:44 of 1st period - Nathan MacKinnon wins face-off versus Steven Stamkos in neutral zone.
19:58 of 1st period - Slapshot by Cam Fowler.
19:58 of 1st period - Stopped by Calvin Pickard without a rebound.
19:59 of 1st period - Mika Zibanejad wins face-off versus Mikael Granlund in Detroit Red Wings zone.
Goals for this period are 0 for Detroit Red Wings vs 1 for New York Rangers.
Shots for this period are 10 for Detroit Red Wings vs 16 for New York Rangers.
2nd period
0:01 of 2nd period - Mikael Granlund wins face-off versus Mika Zibanejad in neutral zone.
0:04 of 2nd period - Matthew Boldy is hit by Mikael Granlund and loses puck.
0:08 of 2nd period - Icing by Carter Verhaeghe.
0:09 of 2nd period - Mikael Granlund wins face-off versus Mika Zibanejad in Detroit Red Wings zone.
0:16 of 2nd period - Wrist shot by Mikael Granlund.
0:16 of 2nd period - Stopped by Calvin Pickard with a rebound.
0:47 of 2nd period - Artemi Panarin is hit by Mika Zibanejad.
0:53 of 2nd period - Slapshot by Artemi Panarin.
0:53 of 2nd period - Shot Misses the Net.
1:08 of 2nd period - Off-side.
1:09 of 2nd period - Steven Stamkos wins face-off versus Nathan MacKinnon in neutral zone.
1:14 of 2nd period - Wrist shot by Steven Stamkos.
1:14 of 2nd period - Shot Misses the Net.
1:16 of 2nd period - Snap shot by Jared McCann.
1:16 of 2nd period - Shot Misses the Net.
1:18 of 2nd period - Wrist shot by Steven Stamkos.
1:18 of 2nd period - Goal by Steven Stamkos - Detroit Red Wings : 1 - New York Rangers : 1.
1:19 of 2nd period - Steven Stamkos wins face-off versus Mathew Barzal in neutral zone.
1:22 of 2nd period - Slapshot by Patrick Kane.
1:22 of 2nd period - Shot Misses the Net.
1:24 of 2nd period - Slapshot by Zachary Werenski.
1:24 of 2nd period - Deflect By Steven Stamkos.
1:24 of 2nd period - Stopped by Igor Shesterkin with a rebound.
1:49 of 2nd period - Jake McCabe is hit by Daniel Sprong.
2:11 of 2nd period - Wrist shot by Mikael Granlund.
2:11 of 2nd period - Stopped by Calvin Pickard without a rebound.
2:12 of 2nd period - Steven Stamkos wins face-off versus Nathan MacKinnon in Detroit Red Wings zone.
2:37 of 2nd period - Dmitry Kulikov is hit by Matthew Boldy and loses puck.
3:48 of 2nd period - Snap shot by MacKenzie Weegar.
3:48 of 2nd period - Deflect By Jared McCann.
3:48 of 2nd period - Shot Blocked by Marcus Foligno.
3:48 of 2nd period - Puck is out of play.
3:49 of 2nd period - Mikael Granlund wins face-off versus Patrick Kane in New York Rangers zone.
4:02 of 2nd period - Snap shot by Mikael Granlund.
4:02 of 2nd period - Stopped by Calvin Pickard with a rebound.
4:14 of 2nd period - Wrist shot by Steven Stamkos.
4:14 of 2nd period - Stopped by Igor Shesterkin with a rebound.
4:16 of 2nd period - Snap shot by Patrick Kane.
4:16 of 2nd period - Stopped by Igor Shesterkin with a rebound.
4:40 of 2nd period - Wrist shot by Patrick Kane.
4:40 of 2nd period - Shot Misses the Net.
4:48 of 2nd period - Slapshot by Mathew Barzal.
4:48 of 2nd period - Deflect By Nathan MacKinnon.
4:48 of 2nd period - Goal by Nathan MacKinnon - Detroit Red Wings : 1 - New York Rangers : 2.
4:49 of 2nd period - Mika Zibanejad wins face-off versus Mikael Granlund in neutral zone.
5:45 of 2nd period - Snap shot by Pierre-Luc Dubois.
5:45 of 2nd period - Shot Blocked by Zachary Werenski.
5:45 of 2nd period - Zachary Werenski from Detroit Red Wings is injured at 5:45 of 2nd period (Sprained Left Ankle).
5:46 of 2nd period - Nathan MacKinnon wins face-off versus Mika Zibanejad in Detroit Red Wings zone.
5:57 of 2nd period - Adam Larsson is hit by MacKenzie Weegar and loses puck.
7:27 of 2nd period - Wrist shot by David Kampf.
7:27 of 2nd period - Shot Blocked by Keegan Kolesar.
7:29 of 2nd period - Wrist shot by Marcus Foligno.
7:29 of 2nd period - Shot Misses the Net.
7:31 of 2nd period - Wrist shot by Brendan Smith.
7:31 of 2nd period - Shot Misses the Net.
7:41 of 2nd period - Slapshot by MacKenzie Weegar.
7:41 of 2nd period - Stopped by Igor Shesterkin with a rebound.
7:43 of 2nd period - Slapshot by MacKenzie Weegar.
7:43 of 2nd period - Deflect By Daniel Sprong.
7:43 of 2nd period - Shot Misses the Net.
7:43 of 2nd period - Puck is out of play.
7:44 of 2nd period - Raphael Lavoie wins face-off versus Mikael Granlund in New York Rangers zone.
7:59 of 2nd period - Wrist shot by Teuvo Teravainen.
7:59 of 2nd period - Shot Blocked by Raphael Lavoie.
8:01 of 2nd period - Wrist shot by Teuvo Teravainen.
8:01 of 2nd period - Stopped by Calvin Pickard with a rebound.
8:09 of 2nd period - Daniel Sprong is hit by Dmitry Kulikov and loses puck.
8:40 of 2nd period - Kevin Shattenkirk is hit by Adam Larsson and loses puck.
8:52 of 2nd period - Icing by Mikael Granlund.
8:53 of 2nd period - Steven Stamkos wins face-off versus Mikael Granlund in New York Rangers zone.
8:54 of 2nd period - Wrist shot by Patrick Kane.
8:54 of 2nd period - Shot Misses the Net.
8:56 of 2nd period - Wrist shot by Patrick Kane.
8:56 of 2nd period - Stopped by Igor Shesterkin without a rebound.
8:57 of 2nd period - Mathew Barzal wins face-off versus Steven Stamkos in New York Rangers zone.
9:09 of 2nd period - Icing by Jackson LaCombe.
9:10 of 2nd period - Steven Stamkos wins face-off versus Nathan MacKinnon in Detroit Red Wings zone.
9:21 of 2nd period - Snap shot by Patrick Kane.
9:21 of 2nd period - Stopped by Igor Shesterkin without a rebound.
9:22 of 2nd period - Mika Zibanejad wins face-off versus Mathew Barzal in New York Rangers zone.
9:29 of 2nd period - Wrist shot by Mika Zibanejad.
9:29 of 2nd period - Shot Misses the Net.
9:31 of 2nd period - Wrist shot by Mika Zibanejad.
9:31 of 2nd period - Shot Blocked by Jake McCabe.
9:33 of 2nd period - Slapshot by MacKenzie Weegar.
9:33 of 2nd period - Shot Blocked by Cam Fowler.
9:35 of 2nd period - Slapshot by MacKenzie Weegar.
9:35 of 2nd period - Deflect By Matthew Boldy.
9:35 of 2nd period - Stopped by Igor Shesterkin with a rebound.
9:49 of 2nd period - Jared McCann is hit by Mikael Granlund and loses puck.
10:45 of 2nd period - Minor Penalty to Brendan Smith for Roughing.
10:46 of 2nd period - Steven Stamkos wins face-off versus Mikael Granlund in New York Rangers zone.
10:47 of 2nd period - Snap shot by Patrick Kane.
10:47 of 2nd period - Shot Blocked by Marcus Foligno.
10:49 of 2nd period - Slapshot by Jackson LaCombe.
10:49 of 2nd period - Shot Blocked by Matthew Benning.
11:01 of 2nd period - Slapshot by Steven Stamkos.
11:01 of 2nd period - Stopped by Igor Shesterkin without a rebound.
11:02 of 2nd period - David Kampf wins face-off versus Mika Zibanejad in New York Rangers zone.
11:11 of 2nd period - Marcus Foligno is hit by Kevin Shattenkirk.
11:33 of 2nd period - Adam Larsson is hit by Steven Stamkos.
12:15 of 2nd period - David Kampf is hit by MacKenzie Weegar and loses puck.
12:45 of 2nd period - Penalty to Brendan Smith is over, Brendan Smith is back on ice.
12:58 of 2nd period - Mathew Barzal is hit by Raphael Lavoie and loses puck.
13:51 of 2nd period - MacKenzie Weegar is hit by Cole Caufield and loses puck.
14:01 of 2nd period - Icing by MacKenzie Weegar.
14:02 of 2nd period - Joe Pavelski wins face-off versus Mika Zibanejad in Detroit Red Wings zone.
14:09 of 2nd period - Wrist shot by Artemi Panarin.
14:09 of 2nd period - Stopped by Calvin Pickard with a rebound.
14:11 of 2nd period - Backhand shot by Dmitry Kulikov.
14:11 of 2nd period - Deflect By Mikael Granlund.
14:11 of 2nd period - Stopped by Calvin Pickard with a rebound.
14:13 of 2nd period - Snap shot by Teuvo Teravainen.
14:13 of 2nd period - Stopped by Calvin Pickard with a rebound.
14:15 of 2nd period - Wrist shot by Dmitry Kulikov.
14:15 of 2nd period - Stopped by Calvin Pickard without a rebound.
14:16 of 2nd period - Nathan MacKinnon wins face-off versus Steven Stamkos in Detroit Red Wings zone.
14:19 of 2nd period - Snap shot by Nathan MacKinnon.
14:19 of 2nd period - Stopped by Calvin Pickard with a rebound.
15:09 of 2nd period - Double Minor Penalty to Joe Pavelski for High sticking.
15:10 of 2nd period - David Kampf wins face-off versus Mika Zibanejad in New York Rangers zone.
15:19 of 2nd period - Cam Fowler is hit by Matthew Boldy and loses puck.
18:24 of 2nd period - Snap shot by Daniel Sprong.
18:24 of 2nd period - Shot Misses the Net.
19:01 of 2nd period - Brendan Smith is hit by Mika Zibanejad and loses puck.
19:09 of 2nd period - Penalty to Joe Pavelski is over, Joe Pavelski is back on ice.
19:20 of 2nd period - Wrist shot by Joe Pavelski.
19:20 of 2nd period - Shot Misses the Net.
19:22 of 2nd period - Snap shot by Nikolaj Ehlers.
19:22 of 2nd period - Shot Blocked by Shayne Gostisbehere.
19:24 of 2nd period - Slapshot by Adam Larsson.
19:24 of 2nd period - Deflect By Brendan Gallagher.
19:24 of 2nd period - Stopped by Calvin Pickard with a rebound.
Goals for this period are 1 for Detroit Red Wings vs 1 for New York Rangers.
Shots for this period are 9 for Detroit Red Wings vs 11 for New York Rangers.
3rd period
0:01 of 3rd period - Mika Zibanejad wins face-off versus Nathan MacKinnon in neutral zone.
0:08 of 3rd period - Snap shot by Mika Zibanejad.
0:08 of 3rd period - Deflect By Carter Verhaeghe.
0:08 of 3rd period - Stopped by Igor Shesterkin without a rebound.
0:09 of 3rd period - Mika Zibanejad wins face-off versus Nathan MacKinnon in New York Rangers zone.
0:10 of 3rd period - Snap shot by Matthew Boldy.
0:10 of 3rd period - Shot Misses the Net.
0:18 of 3rd period - Mika Zibanejad is hit by Jake McCabe.
0:32 of 3rd period - Snap shot by Mika Zibanejad.
0:32 of 3rd period - Stopped by Igor Shesterkin with a rebound.
0:44 of 3rd period - Wrist shot by Mathew Barzal.
0:44 of 3rd period - Stopped by Calvin Pickard without a rebound.
0:45 of 3rd period - Steven Stamkos wins face-off versus Mikael Granlund in Detroit Red Wings zone.
1:19 of 3rd period - Snap shot by Conor Garland.
1:19 of 3rd period - Shot Misses the Net.
1:37 of 3rd period - Raphael Lavoie is hit by Nathan MacKinnon and loses puck.
2:02 of 3rd period - Slapshot by Pierre-Luc Dubois.
2:02 of 3rd period - Shot Misses the Net.
2:10 of 3rd period - Wrist shot by Daniel Sprong.
2:10 of 3rd period - Stopped by Igor Shesterkin without a rebound.
2:11 of 3rd period - Steven Stamkos wins face-off versus Mikael Granlund in New York Rangers zone.
2:56 of 3rd period - Icing by Nathan MacKinnon.
2:57 of 3rd period - Joe Pavelski wins face-off versus Kevin Stenlund in New York Rangers zone.
2:57 of 3rd period - Joe Pavelski is hit by Keegan Kolesar.
3:15 of 3rd period - Adam Larsson is hit by Keegan Kolesar and loses puck.
3:37 of 3rd period - Wrist shot by Joe Pavelski.
3:37 of 3rd period - Stopped by Calvin Pickard with a rebound.
3:55 of 3rd period - Wrist shot by Conor Garland.
3:55 of 3rd period - Stopped by Calvin Pickard without a rebound.
3:56 of 3rd period - Steven Stamkos wins face-off versus Mikael Granlund in Detroit Red Wings zone.
4:23 of 3rd period - Snap shot by Pierre-Luc Dubois.
4:23 of 3rd period - Shot Blocked by Jared McCann.
4:25 of 3rd period - Minor Penalty to Jared McCann for Tripping.
4:26 of 3rd period - Mika Zibanejad wins face-off versus Nathan MacKinnon in Detroit Red Wings zone.
4:41 of 3rd period - Wrist shot by Artemi Panarin.
4:41 of 3rd period - Shot Misses the Net.
4:43 of 3rd period - Slapshot by Cam Fowler.
4:43 of 3rd period - Shot Misses the Net.
6:15 of 3rd period - Jackson LaCombe is hit by Cam Fowler and loses puck.
6:25 of 3rd period - Penalty to Jared McCann is over, Jared McCann is back on ice.
7:36 of 3rd period - Snap shot by Jared McCann.
7:36 of 3rd period - Shot Blocked by Pierre-Luc Dubois.
9:15 of 3rd period - Conor Garland is hit by MacKenzie Weegar and loses puck.
10:49 of 3rd period - Wrist shot by Steven Stamkos.
10:49 of 3rd period - Shot Misses the Net.
10:51 of 3rd period - Snap shot by Jared McCann.
10:51 of 3rd period - Stopped by Igor Shesterkin with a rebound.
11:09 of 3rd period - Brendan Smith is hit by Zach Bogosian and loses puck.
11:35 of 3rd period - Teuvo Teravainen is hit by Christian Fischer and loses puck.
12:17 of 3rd period - Nikolaj Ehlers is hit by Raphael Lavoie and loses puck.
12:24 of 3rd period - Slapshot by Keegan Kolesar.
12:24 of 3rd period - Stopped by Igor Shesterkin without a rebound.
12:25 of 3rd period - Mikael Granlund wins face-off versus Mika Zibanejad in New York Rangers zone.
12:34 of 3rd period - Snap shot by Artemi Panarin.
12:34 of 3rd period - Shot Misses the Net.
12:36 of 3rd period - Slapshot by Teuvo Teravainen.
12:36 of 3rd period - Deflect By Carter Verhaeghe.
12:36 of 3rd period - Shot Misses the Net.
12:36 of 3rd period - Puck is out of play.
12:37 of 3rd period - Nathan MacKinnon wins face-off versus Steven Stamkos in Detroit Red Wings zone.
13:10 of 3rd period - Snap shot by Conor Garland.
13:10 of 3rd period - Shot Blocked by Jared McCann.
13:30 of 3rd period - Snap shot by Patrick Kane.
13:30 of 3rd period - Shot Blocked by Brendan Smith.
13:36 of 3rd period - Slapshot by Steven Stamkos.
13:36 of 3rd period - Stopped by Igor Shesterkin without a rebound.
13:37 of 3rd period - Mika Zibanejad wins face-off versus Mikael Granlund in New York Rangers zone.
13:50 of 3rd period - Wrist shot by Matthew Boldy.
13:50 of 3rd period - Stopped by Igor Shesterkin with a rebound.
14:13 of 3rd period - Mathew Barzal is hit by Zach Bogosian and loses puck.
14:32 of 3rd period - Jake McCabe is hit by Keegan Kolesar and loses puck.
14:45 of 3rd period - Slapshot by Cam Fowler.
14:45 of 3rd period - Shot Blocked by MacKenzie Weegar.
15:26 of 3rd period - Daniel Sprong is hit by Brendan Smith and loses puck.
15:33 of 3rd period - Nathan MacKinnon is hit by Christian Fischer and loses puck.
15:53 of 3rd period - David Kampf is hit by Zach Bogosian.
16:05 of 3rd period - Kevin Shattenkirk is hit by Matthew Benning and loses puck.
16:12 of 3rd period - Slapshot by Conor Garland.
16:12 of 3rd period - Stopped by Calvin Pickard with a rebound.
16:16 of 3rd period - Wrist shot by Conor Garland.
16:16 of 3rd period - Shot Misses the Net.
16:26 of 3rd period - Jared McCann is hit by Teuvo Teravainen and loses puck.
16:31 of 3rd period - Slapshot by Mikael Granlund.
16:31 of 3rd period - Stopped by Calvin Pickard with a rebound.
16:51 of 3rd period - Shayne Gostisbehere is hit by Cole Caufield and loses puck.
16:58 of 3rd period - Mika Zibanejad is hit by Mathew Barzal.
17:21 of 3rd period - Slapshot by Matthew Benning.
17:21 of 3rd period - Shot Blocked by Zach Bogosian.
17:56 of 3rd period - Snap shot by Mikael Granlund.
17:56 of 3rd period - Shot Misses the Net.
18:06 of 3rd period - Raphael Lavoie is hit by Conor Garland and loses puck.
18:24 of 3rd period - Wrist shot by Nikolaj Ehlers.
18:24 of 3rd period - Stopped by Calvin Pickard with a rebound.
18:36 of 3rd period - Matthew Boldy is hit by Cole Caufield and loses puck.
18:53 of 3rd period - Shayne Gostisbehere is hit by Matthew Benning and loses puck.
19:06 of 3rd period - Detroit Red Wings, Calvin Pickard is pulled from the net.
19:10 of 3rd period - Slapshot by Brendan Gallagher.
19:10 of 3rd period - Stopped by Igor Shesterkin with a rebound.
19:12 of 3rd period - Slapshot by Christian Fischer.
19:12 of 3rd period - Shot Misses the Net.
19:14 of 3rd period - Slapshot by Patrick Kane.
19:14 of 3rd period - Stopped by Igor Shesterkin without a rebound.
19:15 of 3rd period - David Quinn call a timeout for Detroit Red Wings.
19:15 of 3rd period - David Kampf wins face-off versus Christian Fischer in New York Rangers zone.
19:24 of 3rd period - Marcus Foligno is hit by Shayne Gostisbehere and loses puck.
19:33 of 3rd period - Slapshot by Shayne Gostisbehere.
19:33 of 3rd period - Shot Blocked by Marcus Foligno.
19:39 of 3rd period - Snap shot by Brendan Gallagher.
19:39 of 3rd period - Shot Misses the Net.
19:41 of 3rd period - Slapshot by Shayne Gostisbehere.
19:41 of 3rd period - Deflect By Christian Fischer.
19:41 of 3rd period - Stopped by Igor Shesterkin with a rebound.
19:43 of 3rd period - Slapshot by Christian Fischer.
19:43 of 3rd period - Shot Misses the Net.
19:45 of 3rd period - Backhand shot by Zach Bogosian.
19:45 of 3rd period - Shot Misses the Net.
19:47 of 3rd period - Wrist shot by Christian Fischer.
19:47 of 3rd period - Shot Blocked by David Kampf.
19:49 of 3rd period - Slapshot by Zach Bogosian.
19:49 of 3rd period - Shot Misses the Net.
19:51 of 3rd period - Slapshot by Shayne Gostisbehere.
19:51 of 3rd period - Deflect By Mikael Granlund.
19:51 of 3rd period - Stopped by Igor Shesterkin with a rebound.
19:53 of 3rd period - Slapshot by Zach Bogosian.
19:53 of 3rd period - Shot Misses the Net.
19:55 of 3rd period - Slapshot by Christian Fischer.
19:55 of 3rd period - Shot Misses the Net.
19:57 of 3rd period - Wrist shot by Christian Fischer.
19:57 of 3rd period - Stopped by Igor Shesterkin with a rebound.
19:59 of 3rd period - Wrist shot by Patrick Kane.
19:59 of 3rd period - Shot Misses the Net.
Goals for this period are 0 for Detroit Red Wings vs 0 for New York Rangers.
Shots for this period are 12 for Detroit Red Wings vs 6 for New York Rangers.
Back to the Top